AoeStats
← Viktor le rigolo

QS Arena

503690106Analyzed
1v1 RM · 1mo ago on Sep 1, 2026· 34m 16s· 2 players
Game mode
Random Map
Map size
Tiny (2 player)
Population
200
Speed
Normal
Resources
Standard
Victory
Conquest
Starting age
Dark Age
Ending age
Imperial Age
RankedLock teamsTeams togetherTeam positionsShared explorationLock speedFull tech treeHidden civsTurbo modeCheats
Victory
Defeat
🇫🇷 Teutons · France
933
+15
🇮🇳 Vikings · India
903
-41
Ujj013
6:39 Loom
8:25 Feudal Age
14:41 Castle Age
12:33 Horse Collar
12:41 Double-Bit Axe
17:45 Bow Saw
17:55 Heavy Plow
17:48 Gold Mining
18:08 Stone Mining
25:31 Fervor
29:21 Imperial Age
28:59 Forging
28:49 Scale Mail Armor
28:49 Fletching
29:25 Ballistics
32:18 Chemistry
31:06 Pikeman
32:17 Bodkin Arrow
32:23 Padded Archer Armor
31:50 Crossbowman
32:37 Arbalester
Viktor le rigolo
8:51 Feudal Age
10:10 Double-Bit Axe
10:36 Horse Collar
13:45 Loom
14:57 Scale Mail Armor
18:20 Castle Age
15:52 Man-at-Arms
20:55 Loom
22:55 Fervor
23:06 Sanctity
23:10 Chain Mail Armor
22:50 Fletching
23:32 Pikeman
27:19 Heavy Plow
27:31 Bow Saw
28:16 Forging
28:43 Ironclad
29:10 Wheelbarrow
33:02 Imperial Age
31:19 Hand Cart
32:10 Squires
Connection lost

Rejoining the realm…

Still unreachable

The connection could not be restored.

Session expired

The server has moved on; the page needs a fresh start.